[Event "fics rated crazyhouse match"]
[Site "fics, Oklahoma City, OK USA"]
[Date "2000.03.28"]
[White "LordPixel"]
[WhiteElo "2343"]
[Black "Eyefor"]
[BlackElo "2322"]
[TimeControl "0+1"]
[Result "1-0"]

1. e4 e6 2. d4 d5 3. exd5 exd5 4. Bb5+ Bd7 5. Qe2+ Qe7 6. Bxd7+ 
Nxd7 7. Bf4 Qxe2+ 8. Nxe2 Bb4+ 9. Nbc3 Ba5 10. B@h3 Ngf6 11. P@e6 fxe6 
12. Bxe6 P@f7 13. Bxf7+ Kxf7 14. P@e6+ Kxe6 15. P@b4 Bxb4 16. Q@b5 Bxc3+ 17. Nxc3 
Kf7 18. Qxb7 N@h4 19. P@e6+ Kxe6 20. B@h3+ Kf7 21. Bxc7 P@g4 22. P@e6+ Kxe6 
23. Bxg4+ P@f5 24. Bf3 P@e4 25. Qc6+ Ke7 26. Nxd5+ Nxd5 27. Bd6+ Kd8 28. Qxa8+ 
N@c8 29. P@c7+ Nxc7 30. P@e7+ Ke8 31. Bh5+ g6 32. Qxc8+ Kf7 33. N@g5+ Kg7 
34. R@f7+ Kh6 35. Qxh8 Nxg2+ 36. Kd1 Kxg5 37. Bxc7 N@e3+ 38. fxe3 Nxe3+ 39. Kc1 
P@g2 40. R@g3+ P@g4 41. h4+ Kxh5 42. Rxh7+ P@h6 43. Rxh6# 
{Eyefor checkmated} 1-0

[Event "fics rated crazyhouse match"]
[Site "fics, Oklahoma City, OK USA"]
[Date "2000.03.28"]
[White "Eyefor"]
[WhiteElo "2314"]
[Black "LordPixel"]
[BlackElo "2351"]
[TimeControl "0+1"]
[Result "1-0"]

1. e4 Nf6 2. e5 Nd5 3. d4 e6 4. Nf3 Bb4+ 5. Bd2 Nc6 6. Bxb4 
Ncxb4 7. a3 Nc6 8. Nc3 Nxc3 9. bxc3 N@e4 10. N@h5 B@h6 11. B@b2 Nxe5 
12. Nxg7+ Bxg7 13. dxe5 N@a4 14. P@h6 Bxh6 15. Bc1 Nxf2 16. Kxf2 P@e3+ 17. Bxe3 
Bxe3+ 18. Kxe3 Nxc3 19. N@g7+ Kf8 20. B@b4+ P@d6 21. Bxc3 B@h6+ 22. Ke2 Bxg7 
23. P@f6 Bxf6 24. exf6 N@f4+ 25. Kd2 P@e3+ 26. Kc1 P@d2+ 27. Kb1 Nd5 28. B@g7+ 
Ke8 29. Bxd2 exd2 30. Qxd2 P@b2 31. Kxb2 B@c3+ 32. Qxc3 Nxc3 33. P@e7 Qxe7 
34. fxe7 Kxe7 35. P@f6+ Kd8 36. Q@e7# 
{LordPixel checkmated} 1-0

[Event "fics rated crazyhouse match"]
[Site "fics, Oklahoma City, OK USA"]
[Date "2000.03.28"]
[White "LordPixel"]
[WhiteElo "2342"]
[Black "Eyefor"]
[BlackElo "2323"]
[TimeControl "0+1"]
[Result "1-0"]

1. e4 Nf6 2. Nc3 d5 3. exd5 Nxd5 4. Nf3 e6 5. d4 Nxc3 6. bxc3 
P@e4 7. Bb5+ Nd7 8. Ng5 N@d6 9. Qh5 g6 10. Qe2 Nxb5 11. Qxb5 B@c6 
12. Qe2 Nb6 13. N@e5 e3 14. Ngxf7 Bxg2 15. Nxd8 P@d2+ 16. Bxd2 exd2+ 17. Qxd2 
Bxh1 18. P@f7+ Ke7 19. Qg5+ B@f6 20. P@d6+ cxd6 21. Q@e8# 
{Eyefor checkmated} 1-0

[Event "fics rated crazyhouse match"]
[Site "fics, Oklahoma City, OK USA"]
[Date "2000.03.28"]
[White "LordPixel"]
[WhiteElo "2341"]
[Black "Eyefor"]
[BlackElo "2324"]
[TimeControl "60+0"]
[Result "1-0"]

1. e4 Nf6 2. Nc3 d5 3. exd5 Nxd5 4. Nf3 e6 5. d4 Bb4 6. Bd2 
Nxc3 7. bxc3 N@b2 8. Qb1 Ba3 9. N@b5 Qe7 10. P@d6 Bxd6 11. Qxb2 P@a3 
12. Qb1 P@b2 13. N@h5 bxa1=Q 14. Nxg7+ Kf8 15. Qxa1 Kxg7 16. P@e5 Bxe5 17. Nxe5 
P@b2 18. Qd1 Kg8 19. B@b4 R@a1 20. Bxe7 Rxd1+ 21. Kxd1 Q@b1+ 22. Ke2 N@c1+ 
23. Kf3 h5 24. Q@g5+ Kh7 25. R@h6# 
{Eyefor checkmated} 1-0

[Event "fics rated crazyhouse match"]
[Site "fics, Oklahoma City, OK USA"]
[Date "2000.03.28"]
[White "Eyefor"]
[WhiteElo "2316"]
[Black "LordPixel"]
[BlackElo "2349"]
[TimeControl "60+0"]
[Result "0-1"]

1. e4 e6 2. d4 d5 3. exd5 exd5 4. Bb5+ Nc6 5. Qe2+ Qe7 6. Bf4 
Qxe2+ 7. Nxe2 Bb4+ 8. Nbc3 Ba5 9. P@a6 Bxc3+ 10. Nxc3 Q@e7+ 11. B@e5 N@b4 
12. axb7 Bxb7 13. Kd1 P@a3 14. bxa3 P@b2 15. Rb1 Nxc2 16. Kxc2 Qxa3 17. Rxb2 
P@d3+ 18. Bxd3 Nxe5 19. Bxe5 B@d2 20. Rb3 Qxb3+ 21. axb3 Bxc3 22. Q@b5+ N@c6 
23. Qxb7 Nxe5 24. Qxa8+ R@d8 25. Qxd8+ Kxd8 26. R@e8+ Kxe8 27. R@f8+ Kxf8 28. Q@c5+ 
B@d6 29. Qxc3 Q@a2+ 30. P@b2 Nxd3 31. Qxd3 R@c6+ 32. P@c5 B@e4 33. P@e7+ Bxe7 
34. N@e6+ Rxe6 35. Qxe4 dxe4 36. N@d7+ Ke8 37. P@f5 Q@d3+ 38. Kc1 R@b1# 
{Eyefor checkmated} 0-1

[Event "fics rated crazyhouse match"]
[Site "fics, Oklahoma City, OK USA"]
[Date "2000.03.28"]
[White "LordPixel"]
[WhiteElo "2356"]
[Black "Eyefor"]
[BlackElo "2309"]
[TimeControl "60+0"]
[Result "1-0"]

1. e4 Nf6 2. Nc3 d5 3. exd5 Nxd5 4. Nf3 e6 5. d4 Bb4 6. Bd2 
Nxc3 7. bxc3 N@b2 8. Qb1 Ba3 9. N@b5 Qe7 10. P@d6 Bxd6 11. Qxb2 P@a3 
12. Qb1 P@b2 13. N@h5 bxa1=Q 14. Nxg7+ Kf8 15. Qxa1 Kxg7 16. P@e5 Bxe5 17. Nxe5 
P@b2 18. Qd1 Kg8 19. B@b4 R@a1 20. Bxe7 Rxd1+ 21. Kxd1 Q@b1+ 22. Ke2 N@c1+ 
23. Kf3 h5 24. R@g3+ Kh7 25. Q@h6# 
{Eyefor checkmated} 1-0

[Event "fics rated crazyhouse match"]
[Site "fics, Oklahoma City, OK USA"]
[Date "2000.03.28"]
[White "Eyefor"]
[WhiteElo "2302"]
[Black "LordPixel"]
[BlackElo "2363"]
[TimeControl "60+0"]
[Result "1-0"]

1. e4 e6 2. d4 d6 3. Nf3 Nf6 4. Bd3 Be7 5. Nc3 Nc6 6. Bb5 
Bd7 7. Bxc6 Bxc6 8. N@g5 B@b4 9. Nxf7 Bxc3+ 10. bxc3 Kxf7 11. Ng5+ Kg8 
12. P@f7+ Kf8 13. Nxe6+ Kxf7 14. Nxd8+ Raxd8 15. B@b3+ P@e6 16. Bxe6+ Kxe6 17. Qg4+ 
N@f5 18. Qxf5+ Kf7 19. N@g5+ Kg8 20. Q@f7# 
{LordPixel checkmated} 1-0

[Event "fics rated crazyhouse match"]
[Site "fics, Oklahoma City, OK USA"]
[Date "2000.03.28"]
[White "LordPixel"]
[WhiteElo "2354"]
[Black "Eyefor"]
[BlackElo "2311"]
[TimeControl "0+1"]
[Result "0-1"]

1. e4 e6 2. d4 d6 3. Nf3 Nf6 4. Bd3 Nc6 5. c3 e5 6. d5 
Nb8 7. h3 Nbd7 8. Be3 Be7 9. Na3 h5 10. Qa4 a6 11. Rd1 h4 
12. Nb5 axb5 13. Qxa8 N@c4 14. Bxc4 bxc4 15. N@f5 B@f8 16. Ng5 Rh5 17. Nxf7 
Kxf7 18. P@e6+ Ke8 19. exd7+ Bxd7 20. Nxd6+ cxd6 21. N@c7+ Kf7 22. P@e6+ Kg8 
23. Qxd8 N@c2+ 24. Kd2 Nxe4+ 25. Kxc2 P@d3+ 26. Kc1 N@e2+ 27. Kb1 P@c2+ 28. Ka1 
cxd1=Q+ 29. Rxd1 Bxd8 30. P@f7+ Kh7 31. Q@g8+ Kg6 32. R@g4+ Bg5 33. exd7 Q@c2 
34. Rxd3 R@b1# 
{LordPixel checkmated} 0-1

[Event "fics rated crazyhouse match"]
[Site "fics, Oklahoma City, OK USA"]
[Date "2000.03.28"]
[White "Eyefor"]
[WhiteElo "2320"]
[Black "LordPixel"]
[BlackElo "2345"]
[TimeControl "0+1"]
[Result "1-0"]

1. e4 e6 2. d4 Nf6 3. e5 Nd5 4. Nf3 d6 5. exd6 cxd6 6. Be2 
Nc6 7. O-O Be7 8. c4 Nf6 9. P@b5 Na5 10. Ng5 P@h6 11. Nxf7 Kxf7 
12. P@b4 Nxc4 13. Bxc4 P@d5 14. Bd3 Ke8 15. N@h5 Nxh5 16. Qxh5+ N@f7 17. Nc3 
N@f6 18. Qe2 Bd7 19. N@f4 Qb6 20. Nxe6 Bxe6 21. Qxe6 Qxd4 22. P@d7+ Nxd7 
23. Nxd5 Qe5 24. Nc7+ Kd8 25. Qxf7 N@h3+ 26. gxh3 Kxc7 27. N@e6+ Kc8 28. N@c7 
P@e2 29. Nxa8 exf1=Q+ 30. Bxf1 N@f3+ 31. Qxf3 Qxe6 32. R@c7+ Kd8 33. N@f7+ Qxf7 
34. Qxf7 
{LordPixel forfeits on time} 1-0

[Event "fics rated crazyhouse match"]
[Site "fics, Oklahoma City, OK USA"]
[Date "2000.03.28"]
[White "LordPixel"]
[WhiteElo "2336"]
[Black "Eyefor"]
[BlackElo "2329"]
[TimeControl "60+0"]
[Result "0-1"]

1. e4 e6 2. d4 Nf6 3. e5 Nd5 4. Nf3 d6 5. exd6 cxd6 6. Be2 
Be7 7. O-O O-O 8. c4 Nb4 9. Qd2 P@c5 10. P@c2 N8c6 11. d5 Ne5 
12. a3 Nxf3+ 13. Bxf3 exd5 14. cxd5 Na6 15. P@b5 Nc7 16. a4 P@g4 17. Be2 
Kh8 18. Nc3 N@d4 19. Bd3 Bf5 20. Bxf5 Nxf5 21. N@g5 Bxg5 22. Qxg5 N@d4 
23. Qxd8 Raxd8 24. B@d3 B@e5 25. B@g5 Bxh2+ 26. Kxh2 Q@h5+ 27. Kg1 P@h2+ 28. Kh1 
g3 29. Bxd8 gxf2 30. Bxf5 Nxf5 31. N@g6+ hxg6 32. R@h6+ Nxh6 33. Q@h4 R@g1+ 
34. Kxh2 Qxh4+ 35. Bxh4 Q@h1+ 36. Kg3 Qxg2+ 37. Kf4 Rxf1 38. Ke3 Re1+ 39. B@e2 
f1=N+ 40. Kf4 N@h3# 
{LordPixel checkmated} 0-1

[Event "fics rated crazyhouse match"]
[Site "fics, Oklahoma City, OK USA"]
[Date "2000.03.28"]
[White "Eyefor"]
[WhiteElo "2337"]
[Black "LordPixel"]
[BlackElo "2328"]
[TimeControl "0+1"]
[Result "1-0"]

1. e4 e6 2. d4 d5 3. exd5 exd5 4. Bb5+ Bd7 5. Qe2+ Qe7 6. Bxd7+ 
Nxd7 7. Bf4 Qxe2+ 8. Nxe2 Bb4+ 9. Nbc3 Ba5 10. B@h3 Ngf6 11. P@e6 fxe6 
12. Bxe6 P@f7 13. Bxf7+ Kxf7 14. P@e6+ Kxe6 15. P@b4 Bxb4 16. Q@b5 Bxc3+ 17. Nxc3 
Kf7 18. Qxb7 N@h4 19. P@e6+ Kxe6 20. B@h3+ Kf7 21. Bxc7 P@g4 22. P@e6+ Kxe6 
23. Bxg4+ Nxg4 24. Qc6+ Ke7 25. Nxd5+ Kf8 26. Qxa8+ B@b8 27. R@d8+ B@e8 28. P@e7+ 
Kf7 29. Bxb8 Nxg2+ 30. Kf1 Nxb8 31. B@h5+ g6 32. Bxg4 Q@e4 33. N@g5+ Kg7 
34. Nxe4 B@f5 35. Q@f6+ Kh6 36. P@g5# 
{LordPixel checkmated} 1-0

[Event "fics rated crazyhouse match"]
[Site "fics, Oklahoma City, OK USA"]
[Date "2000.03.28"]
[White "LordPixel"]
[WhiteElo "2320"]
[Black "Eyefor"]
[BlackElo "2345"]
[TimeControl "0+1"]
[Result "1-0"]

1. e4 e6 2. d4 d6 3. Nc3 Nf6 4. Nf3 Be7 5. Bd3 Nc6 6. Bg5 
Ng4 7. Bxe7 Qxe7 8. h3 Nxf2 9. Kxf2 P@e5 10. dxe5 dxe5 11. P@b5 Nb4 
12. Kf1 Nxd3 13. Qxd3 B@f4 14. N@h5 B@h6 15. N@g4 P@f6 16. g3 Bxg3 17. Nxh6 
gxh6 18. Nxg3 P@g2+ 19. Kxg2 N@f4+ 20. Kf1 Nxd3 21. cxd3 Q@e3 22. B@e2 Qxf3+ 
23. Bxf3 N@d2+ 24. Ke2 Nxf3 25. P@g7 Rg8 26. Kxf3 Rxg7 27. Kg2 Rxg3+ 28. Kxg3 
N@f4 29. N@g7+ Kd8 30. Q@g8+ B@f8 31. Kf2 Nxd3+ 32. Kf1 P@f2 33. Rd1 P@c4 
34. R@h8 Kd7 35. Qxf8 Qxf8 36. Rxf8 Q@e1+ 37. Kg2 Qxh1+ 38. Kxh1 R@e1+ 39. Kh2 
f1=N+ 40. Kg1 Nd2+ 41. Rxe1 Nf3+ 42. Kf1 Nh2+ 43. Ke2 Nc1+ 44. Rxc1 Kd6 
45. B@e7+ Kxe7 46. Q@d8# 
{Eyefor checkmated} 1-0

[Event "fics rated crazyhouse match"]
[Site "fics, Oklahoma City, OK USA"]
[Date "2000.03.28"]
[White "Eyefor"]
[WhiteElo "2336"]
[Black "LordPixel"]
[BlackElo "2329"]
[TimeControl "60+0"]
[Result "1-0"]

1. e4 e6 2. d4 d5 3. exd5 exd5 4. Bb5+ c6 5. Qe2+ Qe7 6. Bf4 
cxb5 7. Qxe7+ Bxe7 8. Nc3 Q@b4 9. Bxb8 P@d2+ 10. Kxd2 Qxd4+ 11. N@d3 Rxb8 
12. Nxb5 B@b4+ 13. P@c3 B@g5+ 14. Ke2 Qc4 15. Nxa7 P@e4 16. Nxc8 exd3+ 17. cxd3 
N@f4+ 18. Kf1 Qxc8 19. B@b5+ Kf8 20. P@e3 N@d2+ 21. Ke1 Nxg2+ 22. Kxd2 P@c6 
23. P@a7 Ra8 24. N@b6 Qf5 25. Q@f3 Bxc3+ 26. bxc3 Qxf3 27. Nxf3 Q@b2+ 28. P@c2 
Bxe3+ 29. fxe3 cxb5 30. Nxa8 P@e4 31. R@c8+ B@e8 32. Nc7 Nf6 33. a8=Q exf3 
34. Rxe8+ Nxe8 35. Qxe8# 
{LordPixel checkmated} 1-0

[Event "fics rated crazyhouse match"]
[Site "fics, Oklahoma City, OK USA"]
[Date "2000.03.28"]
[White "LordPixel"]
[WhiteElo "2321"]
[Black "Eyefor"]
[BlackElo "2344"]
[TimeControl "0+1"]
[Result "1-0"]

1. e4 Nf6 2. Nc3 d5 3. exd5 Nxd5 4. d4 e6 5. Nxd5 exd5 6. Nf3 
Nc6 7. Be2 P@e4 8. Ne5 Nxe5 9. dxe5 N@c4 10. Bxc4 dxc4 11. Qxd8+ Kxd8 
12. Q@d5+ Q@d7 13. Qxd7+ Bxd7 14. Q@h4+ Q@e7 15. Bg5 f6 16. exf6 gxf6 17. Bxf6 
B@b4+ 18. P@d2 Bxd2+ 19. Kxd2 c3+ 20. bxc3 N@c4+ 21. Kd1 P@e2+ 22. Kxe2 Bg4+ 
23. Kf1 Nd2+ 24. Ke1 Bd7 25. Kxd2 P@b2 26. Rab1 a5 27. N@d5 Kc8 28. Bxe7 
Bg7 29. N@b6+ Kb8 30. Nxd7+ Kc8 31. N@b6+ cxb6 32. Q@c7# 
{Eyefor checkmated} 1-0

[Event "fics rated crazyhouse match"]
[Site "fics, Oklahoma City, OK USA"]
[Date "2000.03.28"]
[White "LordPixel"]
[WhiteElo "2322"]
[Black "Eyefor"]
[BlackElo "2343"]
[TimeControl "60+0"]
[Result "0-1"]

1. e4 Nf6 2. Nc3 d5 3. exd5 Nxd5 4. d4 e6 5. Nxd5 exd5 6. Nf3 
Nc6 7. Be2 P@e4 8. Ne5 Nxe5 9. dxe5 N@c4 10. Bxc4 dxc4 11. Qxd8+ Kxd8 
12. Q@d5+ Ke8 13. N@g5 N@e6 14. Nxf7 B@b4+ 15. P@c3 Q@d4 16. Qxd4 Nxd4 17. Q@d8+ 
Kxf7 18. cxb4 Q@e2# 
{LordPixel checkmated} 0-1

[Event "fics rated crazyhouse match"]
[Site "fics, Oklahoma City, OK USA"]
[Date "2000.03.28"]
[White "LordPixel"]
[WhiteElo "2339"]
[Black "Eyefor"]
[BlackElo "2326"]
[TimeControl "60+0"]
[Result "1-0"]

1. e4 Nf6 2. Nc3 d5 3. exd5 Nxd5 4. d4 e6 5. Nxd5 exd5 6. Nf3 
Nc6 7. Be2 P@e4 8. Ne5 Nxe5 9. dxe5 N@c4 10. Bxc4 dxc4 11. Qxd8+ Kxd8 
12. Q@d5+ N@d7 13. N@g5 B@h5 14. N@e6+ fxe6 15. Nxe6+ Ke7 16. N@f5+ Ke8 17. Nxc7+ 
Kd8 18. Ne6+ Ke8 19. Nexg7+ Bxg7 20. Qe6+ Kf8 21. P@e7+ Ke8 22. Nxg7# 
{Eyefor checkmated} 1-0

[Event "fics rated crazyhouse match"]
[Site "fics, Oklahoma City, OK USA"]
[Date "2000.03.28"]
[White "Eyefor"]
[WhiteElo "2318"]
[Black "LordPixel"]
[BlackElo "2347"]
[TimeControl "60+0"]
[Result "1-0"]

1. e4 e6 2. d4 Nf6 3. e5 Nd5 4. Nf3 d6 5. exd6 cxd6 6. Be2 
Nb4 7. a3 N4c6 8. P@b5 Ne7 9. Nc3 P@c7 10. Ng5 h6 11. Nxf7 Kxf7 
12. Bc4 Ke8 13. Qh5+ g6 14. Qh4 d5 15. Qf6 Rh7 16. Bd3 N@f5 17. Bxf5 
exf5 18. N@e5 B@f7 19. P@g7 Rxg7 20. Bxh6 P@d6 21. Bxg7 dxe5 22. Bxf8 exd4 
23. Bxe7 P@d2+ 24. Kf1 Qxe7 25. N@g7+ Kd8 26. Qxe7+ Kxe7 27. Q@e5+ N@e6 28. Nxd5+ 
Kd7 29. Nxe6 Bxe6 30. N@f6+ Kd8 31. Qxc7# 
{LordPixel checkmated} 1-0

[Event "fics rated crazyhouse match"]
[Site "fics, Oklahoma City, OK USA"]
[Date "2000.03.28"]
[White "Eyefor"]
[WhiteElo "2320"]
[Black "LordPixel"]
[BlackElo "2345"]
[TimeControl "60+0"]
[Result "1-0"]

1. e4 e6 2. d4 d6 3. Nf3 Nf6 4. Bd3 Nc6 5. c3 e5 6. d5 
Nb8 7. h3 Nbd7 8. Be3 h6 9. Na3 Qe7 10. Qa4 a6 11. Nb5 Qd8 
12. Rd1 axb5 13. Qxa8 N@c4 14. Bxc4 bxc4 15. N@a7 B@b8 16. Nxc8 Qxc8 17. B@c2 
N@c5 18. R@b4 Nfxe4 19. Bxe4 Nxe4 20. N@a7 Qd8 21. Rxc4 Bxa7 22. Qxd8+ Kxd8 
23. Q@a8+ B@b8 24. Bxa7 N@c2+ 25. Kf1 Q@a6 26. Bxb8 P@e2+ 27. Kxe2 Nxc3+ 28. Kd2 
Qxa8 29. Bxc7+ Ke8 30. Rxc3 Nb4 31. P@e6 fxe6 32. dxe6 Q@d5+ 33. N@d3 P@e3+ 
34. fxe3 Qaxa2 35. B@f7+ Ke7 36. B@d8# 
{LordPixel checkmated} 1-0

[Event "fics rated crazyhouse match"]
[Site "fics, Oklahoma City, OK USA"]
[Date "2000.03.28"]
[White "LordPixel"]
[WhiteElo "2336"]
[Black "Eyefor"]
[BlackElo "2329"]
[TimeControl "0+1"]
[Result "0-1"]

1. d4 e6 2. Nc3 d6 3. e4 Nf6 4. Nf3 Nc6 5. Bg5 Be7 6. Bb5 
Ng4 7. Bxe7 Qxe7 8. h3 Nxf2 9. Bxc6+ bxc6 10. Kxf2 B@g3+ 11. Kxg3 B@e3 
12. N@g4 Bf4+ 13. Kxf4 Rb8 14. Ke3 Rxb2 15. Ke2 P@f5 16. B@g5 P@f6 17. Nxf6+ 
gxf6 18. N@g7+ Kd8 19. Bc1 N@g3+ 20. Kd2 Nxe4+ 21. Nxe4 fxe4 22. Bxb2 N@c4+ 
23. Kc1 exf3 24. Qxf3 Nxb2 25. Kxb2 N@c4+ 26. Kc1 P@b2+ 27. Kd1 bxa1=Q+ 28. N@c1 
R@d2+ 29. Ke1 Qxc1+ 30. N@d1 Qxd1+ 31. Qxd1 B@f2+ 32. Kf1 N@e3# 
{LordPixel checkmated} 0-1

[Event "fics rated crazyhouse match"]
[Site "fics, Oklahoma City, OK USA"]
[Date "2000.03.28"]
[White "Eyefor"]
[WhiteElo "2337"]
[Black "LordPixel"]
[BlackElo "2328"]
[TimeControl "0+1"]
[Result "1-0"]

1. e4 Nf6 2. Nc3 d5 3. exd5 Nxd5 4. Nf3 e6 5. d4 Nxc3 6. bxc3 
P@e4 7. Bb5+ Nd7 8. Ng5 N@d6 9. Qh5 g6 10. Qe2 Nxb5 11. Qxb5 B@c6 
12. Qe2 Nb6 13. N@e5 e3 14. Nexf7 Qxg5 15. Nxg5 exf2+ 16. Qxf2 N@g4 17. N@f6+ 
Nxf6 18. Q@f7+ Kd8 19. Q2xf6+ N@e7 20. Qxh8 Be8 21. Qxe8+ Kxe8 22. N@f6+ Kd8 
23. Nf7# 
{LordPixel checkmated} 1-0

[Event "fics rated crazyhouse match"]
[Site "fics, Oklahoma City, OK USA"]
[Date "2000.03.28"]
[White "LordPixel"]
[WhiteElo "2320"]
[Black "Eyefor"]
[BlackElo "2345"]
[TimeControl "0+1"]
[Result "1-0"]

1. e4 Nf6 2. Nc3 d5 3. exd5 Nxd5 4. d4 e6 5. Nxd5 exd5 6. Nf3 
Nc6 7. Be2 P@e4 8. Ne5 Nxe5 9. dxe5 N@c4 10. Bxc4 dxc4 11. Qxd8+ Kxd8 
12. Q@d5+ Ke8 13. Qxe4 B@a5+ 14. P@c3 N@g4 15. P@f3 Nxf2 16. Kxf2 Bc5+ 17. N@d4 
P@f5 18. Qe2 Q@h4+ 19. Kg1 Bxd4+ 20. cxd4 Qxd4+ 21. B@f2 Qxf2+ 22. Qxf2 B@e1 
23. Qe2 N@d4 24. Qxc4 P@f2+ 25. Kf1 Nxf3 26. gxf3 P@g2+ 27. Kxg2 Bd7 28. Be3 
b5 29. Qe2 Bb6 30. N@d5 Bb4 31. Bxf2 Be7 32. P@b7 Rd8 33. Nxe7 Bxf2 
34. Qxf2 Kxe7 35. N@d5+ Kf8 36. P@e7+ Kg8 37. exd8=Q+ B@e8 38. b8=Q N@c8 39. Qxd7 
Bxd7 40. R@d8+ Be8 41. Rxe8# 
{Eyefor checkmated} 1-0

[Event "fics rated crazyhouse match"]
[Site "fics, Oklahoma City, OK USA"]
[Date "2000.03.28"]
[White "Eyefor"]
[WhiteElo "2336"]
[Black "LordPixel"]
[BlackElo "2329"]
[TimeControl "60+0"]
[Result "0-1"]

1. e4 e6 2. d4 d5 3. exd5 exd5 4. Bb5+ Nc6 5. Qe2+ Qe7 6. Bf4 
Qxe2+ 7. Nxe2 Bb4+ 8. Nbc3 Ba5 9. P@a6 Bxc3+ 10. Nxc3 Q@e7+ 11. B@e5 N@h4 
12. Q@g3 Nf5 13. axb7 Bxb7 14. Nxd5 Nxg3 15. Bxc6+ Bxc6 16. Nxc7+ Qxc7 17. hxg3 
Qa5+ 18. Bd2 Q@e4+ 19. N@e3 Qexe5 20. dxe5 Qxe5 21. N@c4 Qb8 22. P@d5 Bb7 
23. Q@e4+ Ne7 24. Rxh7 Rxh7 25. P@d7+ Kxd7 26. Qxh7 R@g1+ 27. R@f1 Rxf1+ 28. Kxf1 
P@e2+ 29. Kxe2 N@d4+ 30. Ke1 R@g1+ 31. R@f1 Rxf1+ 32. Kxf1 B@e2+ 33. Kg1 Bxc4 
34. P@c6+ Nexc6 35. dxc6+ Bxc6 36. N@c5+ Ke7 37. Nxc4 N@e2+ 38. Kh1 Bxg2+ 39. Kxg2 
B@d5+ 40. R@e4+ Bxe4+ 41. Qxe4+ R@e6 42. P@c7 Qxc7 43. Nxe6 fxe6 44. P@d6+ Qxd6 
{Eyefor forfeits on time} 0-1

[Event "fics rated crazyhouse match"]
[Site "fics, Oklahoma City, OK USA"]
[Date "2000.03.28"]
[White "LordPixel"]
[WhiteElo "2337"]
[Black "Eyefor"]
[BlackElo "2328"]
[TimeControl "0+1"]
[Result "1-0"]

1. e4 Nf6 2. Nc3 d5 3. exd5 Nxd5 4. d4 e6 5. Nxd5 exd5 6. Nf3 
Nc6 7. Be2 P@e4 8. Ne5 Nxe5 9. dxe5 N@c4 10. Bxc4 dxc4 11. Qxd8+ Kxd8 
12. Q@d5+ Q@d7 13. Qxd7+ Bxd7 14. Q@h4+ Q@e7 15. Bg5 f6 16. exf6 gxf6 17. Bxf6 
B@b4+ 18. P@d2 Bxd2+ 19. Kxd2 c3+ 20. bxc3 N@c4+ 21. Kd1 P@e2+ 22. Kxe2 Bg4+ 
23. Kf1 Nd2+ 24. Kg1 Bd7 25. P@g7 Bxg7 26. Bxe7+ Kc8 27. B@c1 Bxc3 28. Bxd2 
Bxa1 29. Qxe4 R@d1+ 30. N@f1 P@c3 31. Q@f3 Rxf1+ 32. Kxf1 Bb5+ 33. P@d3 P@c6 
34. R@f8+ N@e8 35. P@d7+ Kxd7 36. Qff5+ P@e6 37. Qexe6# 
{Eyefor checkmated} 1-0

[Event "fics rated crazyhouse match"]
[Site "fics, Oklahoma City, OK USA"]
[Date "2000.03.28"]
[White "Eyefor"]
[WhiteElo "2320"]
[Black "LordPixel"]
[BlackElo "2345"]
[TimeControl "60+0"]
[Result "1-0"]

1. e4 e6 2. d4 Nc6 3. Nc3 Bb4 4. a3 Bxc3+ 5. bxc3 Nf6 6. B@g5 
N@g4 7. Bxf6 Nxf6 8. N@g5 B@g6 9. e5 Nd5 10. Ne2 h6 11. Nf3 Be4 
12. Nd2 Bf5 13. Nc4 d6 14. exd6 cxd6 15. P@b5 Nce7 16. Bf4 P@c7 17. Rb1 
Ng6 18. Bg3 Nh4 19. Bxh4 Qxh4 20. N@g3 Bg6 21. Rb2 B@g4 22. Qc1 Qg5 
23. Qxg5 hxg5 24. Q@d1 Nxc3 25. Nxc3 Bxd1 26. Nxd1 Q@c1 27. B@d2 Qxb2 28. Ndxb2 
P@f4 29. Nxd6+ cxd6 30. N@c7+ Kd8 31. Nxa8 R@b1+ 32. R@d1 Rxd1+ 33. Nxd1 N@d5 
34. Q@a5+ b6 35. Qxa7 Bxc2 36. Nxb6 fxg3 37. Nxd5 exd5 38. P@e7+ Ke8 39. R@d8# 
{LordPixel checkmated} 1-0

[Event "fics rated crazyhouse match"]
[Site "fics, Oklahoma City, OK USA"]
[Date "2000.03.28"]
[White "LordPixel"]
[WhiteElo "2336"]
[Black "Eyefor"]
[BlackElo "2329"]
[TimeControl "0+1"]
[Result "0-1"]

1. e4 e6 2. d4 Nf6 3. e5 Nd5 4. Nf3 d6 5. exd6 cxd6 6. Be2 
Be7 7. O-O O-O 8. c4 Nf6 9. P@e5 dxe5 10. Nxe5 P@d6 11. Nf3 P@c7 
12. Nc3 h6 13. P@c2 Nc6 14. d5 exd5 15. cxd5 Nb4 16. a3 Nxc2 17. Qxc2 
P@g4 18. Nd4 P@h3 19. gxh3 gxh3 20. P@h7+ Nxh7 21. P@g6 fxg6 22. Qxg6 P@f7 
23. Qg3 P@h4 24. Qe3 P@g2 25. Rd1 Bg5 26. P@f4 Re8 27. N@e4 Bf6 28. a4 
Bxd4 29. Rxd4 N@c2 30. Rd1 Nxe3 31. fxe3 Q@h1+ 32. Kf2 Qxh2 33. Ke1 g1=Q+ 
34. B@f1 Rxe4 35. Nxe4 N@g2+ 36. Kd2 Qxe3+ 37. Kc2 P@b3+ 38. Kb1 P@c2# 
{LordPixel checkmated} 0-1

[Event "fics rated crazyhouse match"]
[Site "fics, Oklahoma City, OK USA"]
[Date "2000.03.28"]
[White "Eyefor"]
[WhiteElo "2337"]
[Black "LordPixel"]
[BlackElo "2328"]
[TimeControl "0+1"]
[Result "0-1"]

1. e4 e6 2. d4 Nf6 3. e5 Nd5 4. Nf3 d6 5. exd6 cxd6 6. Be2 
Nc6 7. O-O Be7 8. c4 Nf6 9. P@c2 P@c7 10. d5 Ne5 11. Nxe5 dxe5 
12. dxe6 Bxe6 13. Qxd8+ Rxd8 14. Q@b5+ Q@c6 15. Qxc6+ bxc6 16. P@d6 N@d4 17. dxe7 
Nxe2+ 18. Kh1 Kxe7 19. Q@b4+ Q@d6 20. B@c5 P@h3 21. Bxd6+ cxd6 22. Q@c7+ Ke8 
23. Qxc6+ Rd7 24. N@c7+ Kf8 25. Qb8+ B@d8 26. Nxe6+ fxe6 27. P@e7+ Kxe7 28. Nc3 
Nd4 29. Qca8 N@c6 30. Qc8 hxg2+ 31. Kxg2 B@f3+ 32. Kg1 P@g2 33. B@d3 gxf1=Q+ 
34. Bxf1 R@h1# 
{Eyefor checkmated} 0-1

[Event "fics rated crazyhouse match"]
[Site "fics, Oklahoma City, OK USA"]
[Date "2000.03.28"]
[White "LordPixel"]
[WhiteElo "2336"]
[Black "Eyefor"]
[BlackElo "2329"]
[TimeControl "60+0"]
[Result "1-0"]

1. e4 Nf6 2. Nc3 d5 3. exd5 Nxd5 4. Nf3 e6 5. d4 Bb4 6. Bd2 
Nxc3 7. bxc3 N@b2 8. Qb1 Ba3 9. N@b5 Qe7 10. Nxa3 Qxa3 11. B@c5 Qxc5 
12. dxc5 N@c4 13. Bxc4 Nxc4 14. Q@a4+ Nc6 15. Qxc4 B@d5 16. Qf1 Bxf3 17. gxf3 
N@a3 18. Qc1 Ne5 19. B@e2 Nxc2+ 20. Qxc2 P@d3 21. Bxd3 Nxf3+ 22. Kd1 Nxd2 
23. Qxd2 B@f3+ 24. Ke1 Bxh1 25. Qxh1 R@e5+ 26. N@e4 P@d5 27. N@b5 B@b8 28. B@a4 
P@c6 29. Qf4 Rxe4+ 30. Bxe4 cxb5 31. Bxb5+ c6 32. Qg5 O-O 33. N@h6+ Kh8 
34. R@g8+ Rxg8 35. Nxf7# 
{Eyefor checkmated} 1-0

[Event "fics rated crazyhouse match"]
[Site "fics, Oklahoma City, OK USA"]
[Date "2000.03.28"]
[White "Eyefor"]
[WhiteElo "2321"]
[Black "LordPixel"]
[BlackElo "2344"]
[TimeControl "60+0"]
[Result "1-0"]

1. e4 e6 2. d4 d6 3. Nc3 Nf6 4. Nf3 Be7 5. Be2 Nc6 6. Be3 
Ng4 7. O-O e5 8. d5 Nb8 9. Bd2 h6 10. h3 Nf6 11. Bb5+ Nbd7 
12. Be3 a6 13. Bd3 Nh7 14. a4 Rb8 15. Qd2 Nhf6 16. Rae1 b6 17. Re2 
Bb7 18. b4 Qc8 19. Bc4 Rh7 20. Rd1 Ra8 21. Kf1 Qd8 22. Ke1 Rh8 
23. Rb1 Rg8 24. Rd1 a5 25. bxa5 Rxa5 26. P@c6 P@d4 27. cxd7+ Qxd7 28. Nxd4 
exd4 29. Bxd4 Rxa4 30. Bb5 P@c6 31. Bxa4 P@h2 32. R@b8+ N@d8 33. N@g3 b5 
34. dxc6 Bxc6 35. Bxb5 Bxb5 36. Nxb5 P@b7 37. Bxf6 gxf6 38. N@f5 Rxg3 39. Nxg3 
Qxb5 40. R@g8+ B@f8 41. Qxh6 N@c3 42. Rxf8+ Bxf8 43. Rxd8+ Kxd8 44. Qxf6+ Ke8 
45. Qxc3 N@g1 46. N@f6+ Kd8 47. N@a7 
{LordPixel forfeits on time} 1-0

[Event "fics rated crazyhouse match"]
[Site "fics, Oklahoma City, OK USA"]
[Date "2000.03.28"]
[White "LordPixel"]
[WhiteElo "2335"]
[Black "Eyefor"]
[BlackElo "2330"]
[TimeControl "60+0"]
[Result "1-0"]

1. e4 e6 2. d4 Nf6 3. e5 Nd5 4. Nf3 d6 5. exd6 cxd6 6. Be2 
Nc6 7. O-O Be7 8. c4 Ndb4 9. P@c2 P@e4 10. Ne1 d5 11. c5 Bd7 
12. a3 Qa5 13. axb4 Qxa1 14. b5 Nxd4 15. Qxd4 Bf6 16. N@e5 Qxb1 17. N@d6+ 
Ke7 18. Ndxf7 Bxe5 19. Nxe5 N@f5 20. Bg5+ P@f6 21. B@d6+ Kd8 22. Bxf6+ gxf6 
23. Nf7+ Kc8 24. Qxf6 B@g7 25. Qxf5 R@h1+ 26. Kxh1 N@c7 27. N@e7+ Kb8 28. Bxc7+ 
Kxc7 29. P@d6+ Kb8 30. P@c7# 
{Eyefor checkmated} 1-0